Hartford Whalers vs Toronto Maple Leafs
Created - Friday, October 3, 2025 at 08:01
Goals
|
| Hartford Whalers |
1 |
2 |
2 |
5 |
| Toronto Maple Leafs |
2 |
1 |
3 |
6 |
|
Shots
|
| Hartford Whalers |
9 |
10 |
9 |
28 |
| Toronto Maple Leafs |
14 |
15 |
14 |
43 |
|
1st period
1. Toronto Maple Leafs , Sam Bennett 20 (Nicolas Roy 11, Troy Terry 35) at 7:31
2. Hartford Whalers , Jordan Kyrou 20 (Sidney Crosby 36) at 8:15
3. Toronto Maple Leafs , Sam Bennett 21 (Troy Terry 36) at 10:48
Penalties :
Quinton Byfield (TOR) for Hooking (Minor) at 4:30, Joshua Norris (HFD) for Hooking (Minor) at 11:23, Scott Laughton (TOR) for Cross-checking (Minor) at 15:01, Aaron Ekblad (TOR) for Cross-checking (Minor) at 19:08
2nd period
4. Toronto Maple Leafs , Mario Ferraro 2 (Sam Bennett 34, Troy Terry 37) at 2:16 (PP)
5. Hartford Whalers , Jordan Kyrou 21 (Sidney Crosby 37) at 5:55
6. Hartford Whalers , Matthew Coronato 10 (Devon Toews 4, Joshua Norris 34) at 13:17 (PP)
Penalties :
Devon Toews (HFD) for Interference (Minor) at 2:01, Bowen Byram (TOR) for Interference (Minor) at 11:33
3rd period
7. Toronto Maple Leafs , Scott Laughton 9 (Brandon Saad 8, Mackie Samoskevich 5) at 4:06
8. Toronto Maple Leafs , Troy Terry 26 (Aaron Ekblad 13) at 5:33
9. Hartford Whalers , Joshua Norris 17 (Jonathan Drouin 10, Jordan Kyrou 26) at 16:31
10. Toronto Maple Leafs , Wyatt Johnston 14 (Quinton Byfield 24, Warren Foegele 22) at 19:24
11. Hartford Whalers , Anders Lee 10 (Jonathan Drouin 11, Dylan Guenther 31) at 19:50
Penalties :
No Penalty
Goalie Stats
Samuel Montembeault (HFD), 37 saves from 43 shots - (0.860), L, 16-18-3, 60:00 minutes
Garin Bjorklund (TOR), 23 saves from 28 shots - (0.821), W, 6-3-1, 60:00 minutes
Players Stats for Hartford Whalers
Player Name G A P +/- PIM S H SB GA TA FO MP PP MP PK MP
------------------------------------------------------------------------------------
Anders Lee 1 0 1 0 0 3 1 0 0 0 0/0 12:53 0:00 1:09
Anthony Cirelli 0 0 0 1 0 0 1 1 1 0 0/0 15:00 0:00 0:56
Braden Schneider 0 0 0 0 0 1 0 2 0 0 0/0 16:32 0:00 0:00
Devon Toews 0 1 1 1 2 0 1 0 0 0 0/0 20:43 3:57 0:59
Dylan Guenther 0 1 1 -1 0 4 1 0 0 0 0/0 18:27 3:38 0:23
Jonathan Drouin 0 2 2 0 0 1 1 1 0 0 0/0 15:49 3:44 0:00
Jordan Kyrou 2 1 3 0 0 4 3 0 1 0 0/0 17:08 4:03 0:00
Joshua Norris 1 1 2 0 2 3 2 0 0 1 6/14 15:23 4:03 0:00
Kaapo Kakko 0 0 0 -1 0 1 1 0 0 0 0/0 11:13 0:00 0:00
Kaiden Guhle 0 0 0 1 0 0 0 0 0 0 0/0 13:19 0:00 1:15
Matthew Coronato 1 0 1 -1 0 2 0 0 1 0 2/4 14:56 3:57 0:00
Nick Suzuki 0 0 0 -1 0 2 1 0 0 0 11/19 19:16 3:38 1:07
Pierre-Luc Dubois 0 0 0 0 0 1 3 0 1 0 1/1 18:19 4:03 0:53
Seth Jones 0 0 0 -2 0 1 2 4 1 1 0/0 26:10 3:44 1:00
Sidney Crosby 0 2 2 -1 0 4 1 1 0 0 10/22 17:30 3:38 0:00
Simon Edvinsson 0 0 0 1 0 0 1 0 0 0 0/0 18:09 0:00 0:00
Tyson Foerster 0 0 0 0 0 0 0 0 0 0 0/0 11:07 0:00 0:00
Vladislav Gavrikov 0 0 0 -2 0 1 1 1 0 1 0/0 15:50 0:00 1:14
Players Stats for Toronto Maple Leafs
Player Name G A P +/- PIM S H SB GA TA FO MP PP MP PK MP
------------------------------------------------------------------------------------
Aaron Ekblad 0 1 1 2 2 0 2 1 0 0 0/0 22:27 1:09 3:00
Andrew Mangiapane 0 0 0 0 0 0 1 1 1 0 0/0 7:53 0:00 0:00
Bowen Byram 0 0 0 1 2 5 1 1 0 1 0/0 15:43 0:00 0:11
Brandon Saad 0 1 1 -1 0 1 0 1 1 0 0/1 14:50 0:00 0:59
Cody Ceci 0 0 0 1 0 1 1 1 0 1 0/0 21:31 1:05 4:01
Connor Dewar 0 0 0 -1 0 0 2 0 0 0 1/3 8:10 0:00 0:00
Mackie Samoskevich 0 1 1 0 0 3 1 0 0 0 0/0 13:35 0:00 0:00
Mario Ferraro 1 0 1 -2 0 1 1 3 0 0 0/0 20:25 1:05 3:21
Nick Bjugstad 0 0 0 0 0 1 0 0 0 0 0/0 7:53 0:00 0:00
Nicolas Roy 0 1 1 2 0 1 0 0 0 1 0/1 14:11 1:13 0:00
Quinton Byfield 0 1 1 0 2 3 0 2 0 1 0/0 19:09 1:01 2:46
Ryan Pulock 0 0 0 2 0 1 0 1 0 0 0/0 24:02 1:09 4:20
Sam Bennett 2 1 3 2 0 8 3 0 0 0 17/29 18:07 1:13 3:56
Sam Malinski 0 0 0 -2 0 1 1 3 0 0 0/0 16:25 0:00 0:29
Scott Laughton 1 0 1 -1 2 4 0 0 1 0 3/10 13:51 0:00 0:00
Troy Terry 1 3 4 2 0 7 0 0 0 0 0/1 14:11 1:13 0:00
Warren Foegele 0 1 1 0 0 2 1 2 0 0 1/2 19:43 1:01 3:56
Wyatt Johnston 1 0 1 0 0 4 0 0 0 1 8/13 20:09 1:01 3:45
3 Stars
1 - Sam Bennett (TOR)
2 - Troy Terry (TOR)
3 - Jordan Kyrou (HFD)
Power Play
Hartford Whalers - 1 on 4 Attempt(s) - 25.00%
Toronto Maple Leafs - 1 on 2 Attempt(s) - 50.00%
Penalty Kill
Hartford Whalers - 1 on 2 Attempt(s) - 50.00%
- Score 0 goal in Penalty Kill
Toronto Maple Leafs - 3 on 4 Attempt(s) - 75.00%
- Score 0 goal in Penalty Kill
Team Stat
Hartford Whalers - Hits : 20 - Faceoff Wins : 30 - Blocked Shots : 10 - Penalty Minutes : 4
Toronto Maple Leafs - Hits : 14 - Faceoff Wins : 30 - Blocked Shots : 16 - Penalty Minutes : 8
Official
Referees : Carter Sandlak and Francis Charron
Linesman : Jesse Marquis and Joseph Mahon
Game Notes
4:06 of 3rd period - Toronto Maple Leafs goal is going for a video replay. After video review, Goal.
Finance
Level 1 -- Attendance: 5977 (99.62%) -- Ticket Income $561,838
Level 2 -- Attendance: 5000 (100.00%) -- Ticket Income $270,000
Level 3 -- Attendance: 2592 (86.40%) -- Ticket Income $85,536
Level 4 -- Attendance: 4825 (96.50%) -- Ticket Income $101,325
Luxury Box -- Attendance: 887 (88.70%) -- Ticket Income $171,191
Game was played at the Air Canada Centre.
Total Attendance: 19281 (96.41%)
Total Ticket Income: $1,189,890
Other Income: $416,462
Total Income: $1,606,352
Hartford Whalers
5 vs 5 Forward
Center Left Wing Right Wing Time % Phy DF OF
1 Nick Suzuki Dylan Guenther Anthony Cirelli 30 1 1 3
2 Sidney Crosby Pierre-Luc Dubois Jordan Kyrou 30 1 1 3
3 Joshua Norris Jonathan Drouin Tyson Foerster 25 1 1 3
4 Matthew Coronato Anders Lee Kaapo Kakko 15 1 3 1
5 vs 5 Defense
Defense Defense Time % Phy DF OF
1 Vladislav Gavrikov Seth Jones 30 1 2 2
2 Devon Toews Braden Schneider 30 1 2 2
3 Kaiden Guhle Simon Edvinsson 25 1 2 2
4 Simon Edvinsson Seth Jones 15 1 2 2
PowerPlay Forward
Center Left Wing Right Wing Time % Phy DF OF
1 Sidney Crosby Dylan Guenther Nick Suzuki 50 0 1 4
2 Joshua Norris Pierre-Luc Dubois Jordan Kyrou 50 0 1 4
PowerPlay Defense
Defense Defense Time % Phy DF OF
1 Jonathan Drouin Seth Jones 50 1 2 2
2 Matthew Coronato Devon Toews 50 1 2 2
Penalty Kill 4 Players Forward
Center Wing Time % Phy DF OF
1 Nick Suzuki Anders Lee 50 1 2 2
2 Joshua Norris Anthony Cirelli 50 1 2 2
Penalty Kill 4 Players Defense
Defense Defense Time % Phy DF OF
1 Kaiden Guhle Seth Jones 50 1 2 2
2 Vladislav Gavrikov Devon Toews 50 1 2 2
Penalty Kill - 3 Players Forward
Forward Time % Phy DF OF
1 Joshua Norris 50 1 2 2
2 Anthony Cirelli 50 1 2 2
Penalty Kill - 3 Players Defense
Defense Defense Time % Phy DF OF
1 Vladislav Gavrikov Seth Jones 50 1 2 2
2 Kaiden Guhle Braden Schneider 50 1 2 2
4 vs 4 Forward
Center Wing Time % Phy DF OF
1 Sidney Crosby Nick Suzuki 50 0 1 4
2 Joshua Norris Jordan Kyrou 50 0 2 3
4 vs 4 Defense
Defense Defense Time % Phy DF OF
1 Devon Toews Seth Jones 50 1 2 2
2 Vladislav Gavrikov Braden Schneider 50 1 2 2
Last Minutes Offensive
Center Left Wing Right Wing Defense Defense
Sidney Crosby Dylan Guenther Nick Suzuki Jonathan Drouin Braden Schneider
Last Minutes Defensive
Center Left Wing Right Wing Defense Defense
Anthony Cirelli Joshua Norris Anders Lee Kaiden Guhle Seth Jones
Goaltenders
Starting : Samuel Montembeault
Backup : Spencer Knight
Extra Forwards
Normal : Dylan Guenther, Anders Lee, Jonathan Drouin - PP : Sidney Crosby, Dylan Guenther - PK : Anders Lee
Extra Defensemen
Normal : Braden Schneider, Kaiden Guhle, Vladislav Gavrikov - PP : Braden Schneider - PK : Kaiden Guhle, Vladislav Gavrikov
Penalty Shots
Nick Suzuki, Sidney Crosby, Pierre-Luc Dubois, Joshua Norris, Kaapo Kakko
Scratches
Chaz Lucius (Healthy), Filip Mesar (Healthy), Dylan Garand (Healthy)
Toronto Maple Leafs
5 vs 5 Forward
Center Left Wing Right Wing Time % Phy DF OF
1 Wyatt Johnston Quinton Byfield Warren Foegele 30 1 2 2
2 Sam Bennett Troy Terry Nicolas Roy 30 1 2 2
3 Scott Laughton Brandon Saad Mackie Samoskevich 25 1 2 2
4 Connor Dewar Andrew Mangiapane Nick Bjugstad 15 1 2 2
5 vs 5 Defense
Defense Defense Time % Phy DF OF
1 Ryan Pulock Aaron Ekblad 30 1 2 2
2 Cody Ceci Bowen Byram 30 1 2 2
3 Mario Ferraro Sam Malinski 30 1 2 2
4 Ryan Pulock Aaron Ekblad 10 1 2 2
PowerPlay Forward
Center Left Wing Right Wing Time % Phy DF OF
1 Wyatt Johnston Quinton Byfield Warren Foegele 50 1 2 2
2 Sam Bennett Troy Terry Nicolas Roy 50 1 2 2
PowerPlay Defense
Defense Defense Time % Phy DF OF
1 Ryan Pulock Aaron Ekblad 50 1 2 2
2 Cody Ceci Mario Ferraro 50 1 2 2
Penalty Kill 4 Players Forward
Center Wing Time % Phy DF OF
1 Wyatt Johnston Quinton Byfield 50 1 2 2
2 Sam Bennett Warren Foegele 50 1 2 2
Penalty Kill 4 Players Defense
Defense Defense Time % Phy DF OF
1 Ryan Pulock Aaron Ekblad 50 1 2 2
2 Cody Ceci Mario Ferraro 50 1 2 2
Penalty Kill - 3 Players Forward
Forward Time % Phy DF OF
1 Wyatt Johnston 50 1 2 2
2 Quinton Byfield 50 1 2 2
Penalty Kill - 3 Players Defense
Defense Defense Time % Phy DF OF
1 Ryan Pulock Aaron Ekblad 50 1 2 2
2 Cody Ceci Mario Ferraro 50 1 2 2
4 vs 4 Forward
Center Wing Time % Phy DF OF
1 Wyatt Johnston Quinton Byfield 50 1 2 2
2 Sam Bennett Warren Foegele 50 1 2 2
4 vs 4 Defense
Defense Defense Time % Phy DF OF
1 Ryan Pulock Aaron Ekblad 50 1 2 2
2 Cody Ceci Mario Ferraro 50 1 2 2
Last Minutes Offensive
Center Left Wing Right Wing Defense Defense
Wyatt Johnston Quinton Byfield Warren Foegele Ryan Pulock Aaron Ekblad
Last Minutes Defensive
Center Left Wing Right Wing Defense Defense
Wyatt Johnston Quinton Byfield Warren Foegele Ryan Pulock Aaron Ekblad
Goaltenders
Starting : Garin Bjorklund
Backup : Frederik Andersen
Extra Forwards
Normal : Connor Dewar, Scott Laughton, Brandon Saad - PP : Connor Dewar, Scott Laughton - PK : Brandon Saad
Extra Defensemen
Normal : Bowen Byram, Sam Malinski, Cody Ceci - PP : Bowen Byram - PK : Sam Malinski, Cody Ceci
Penalty Shots
Wyatt Johnston, Quinton Byfield, Sam Bennett, Warren Foegele, Troy Terry
Scratches
Brady Tkachuk (Suspend), P.O. Joseph (Healthy), Lucas Carlsson (Healthy), Joonas Korpisalo (Healthy)
% Time on Ice - Hartford Whalers
Lines # - Real PCT - Wanted PCT - Time Play
Normal Forward
1 - 28% - 30% - 13:50
2 - 27% - 30% - 13:08
3 - 23% - 25% - 11:07
4 - 23% - 15% - 11:13
Normal Defense
1 - 31% - 30% - 15:21
2 - 32% - 30% - 15:48
3 - 24% - 25% - 12:04
4 - 12% - 15% - 6:05
PP Forward
1 - 47% - 50% - 3:38
2 - 53% - 50% - 4:03
PP Defense
1 - 49% - 50% - 3:44
2 - 51% - 50% - 3:57
PK Forward
1 - 41% - 50% - 0:55
2 - 59% - 50% - 1:19
PK Defense
1 - 45% - 50% - 1:00
2 - 55% - 50% - 1:14
PK3 Forward
1 - 0% - 50%
2 - 0% - 50%
PK3 Defense
1 - 0% - 50%
2 - 0% - 50%
44 Forward
1 - 0% - 50%
2 - 0% - 50%
44 Defense
1 - 0% - 50%
2 - 0% - 50%
Last Minute Offensive - 0:47
Last Minute Defensive - 0:00
Total
Forward - 60:00
Defense - 60:00
|
% Time on Ice - Toronto Maple Leafs
Lines # - Real PCT - Wanted PCT - Time Play
Normal Forward
1 - 30% - 30% - 14:53
2 - 26% - 30% - 12:58
3 - 28% - 25% - 13:35
4 - 16% - 15% - 7:53
Normal Defense
1 - 31% - 30% - 15:09
2 - 32% - 30% - 15:48
3 - 31% - 30% - 15:07
4 - 7% - 10% - 3:15
PP Forward
1 - 46% - 50% - 1:01
2 - 54% - 50% - 1:13
PP Defense
1 - 51% - 50% - 1:09
2 - 49% - 50% - 1:05
PK Forward
1 - 49% - 50% - 3:45
2 - 51% - 50% - 3:56
PK Defense
1 - 56% - 50% - 4:20
2 - 44% - 50% - 3:21
PK3 Forward
1 - 0% - 50%
2 - 0% - 50%
PK3 Defense
1 - 0% - 50%
2 - 0% - 50%
44 Forward
1 - 0% - 50%
2 - 0% - 50%
44 Defense
1 - 0% - 50%
2 - 0% - 50%
Last Minute Offensive - 0:00
Last Minute Defensive - 0:46
Total
Forward - 60:00
Defense - 60:00
|
Play-by-Play
1st period
0:01 of 1st period - Wyatt Johnston wins face-off versus Nick Suzuki in neutral zone.
0:12 of 1st period - Snap shot by Dylan Guenther.
0:12 of 1st period - Shot Misses the Net.
0:14 of 1st period - Slapshot by Seth Jones.
0:14 of 1st period - Deflect By Ryan Pulock.
0:14 of 1st period - Stopped by Garin Bjorklund with a rebound.
0:16 of 1st period - Snap shot by Dylan Guenther.
0:16 of 1st period - Stopped by Garin Bjorklund without a rebound.
0:17 of 1st period - Sam Bennett wins face-off versus Sidney Crosby in Toronto Maple Leafs zone.
0:17 of 1st period - Sam Bennett is hit by Jordan Kyrou.
0:25 of 1st period - Snap shot by Sam Bennett.
0:25 of 1st period - Shot Misses the Net.
0:27 of 1st period - Slapshot by Cody Ceci.
0:27 of 1st period - Deflect By Troy Terry.
0:27 of 1st period - Stopped by Samuel Montembeault without a rebound.
0:28 of 1st period - Scott Laughton wins face-off versus Joshua Norris in Hartford Whalers zone.
1:15 of 1st period - Wrist shot by Matthew Coronato.
1:15 of 1st period - Shot Misses the Net.
1:23 of 1st period - Simon Edvinsson is hit by Connor Dewar and loses puck.
1:42 of 1st period - Wrist shot by Brandon Saad.
1:42 of 1st period - Stopped by Samuel Montembeault with a rebound.
2:06 of 1st period - Simon Edvinsson is hit by Warren Foegele and loses puck.
2:17 of 1st period - Slapshot by Sam Bennett.
2:17 of 1st period - Stopped by Samuel Montembeault without a rebound.
2:18 of 1st period - Matthew Coronato wins face-off versus Sam Bennett in Hartford Whalers zone.
2:23 of 1st period - Snap shot by Troy Terry.
2:23 of 1st period - Shot Blocked by Braden Schneider.
3:10 of 1st period - Wrist shot by Nick Suzuki.
3:10 of 1st period - Shot Blocked by Mario Ferraro.
3:30 of 1st period - Wrist shot by Joshua Norris.
3:30 of 1st period - Stopped by Garin Bjorklund with a rebound.
4:08 of 1st period - Warren Foegele is hit by Jordan Kyrou and loses puck.
4:30 of 1st period - Minor Penalty to Quinton Byfield for Hooking.
4:31 of 1st period - Warren Foegele wins face-off versus Sidney Crosby in Toronto Maple Leafs zone.
4:43 of 1st period - Wrist shot by Nick Suzuki.
4:43 of 1st period - Shot Blocked by Brandon Saad.
4:45 of 1st period - Slapshot by Devon Toews.
4:45 of 1st period - Shot Misses the Net.
4:47 of 1st period - Snap shot by Matthew Coronato.
4:47 of 1st period - Deflect By Dylan Guenther.
4:47 of 1st period - Shot Blocked by Ryan Pulock.
4:47 of 1st period - Puck is out of play.
4:48 of 1st period - Joshua Norris wins face-off versus Sam Bennett in Toronto Maple Leafs zone.
4:49 of 1st period - Slapshot by Jordan Kyrou.
4:49 of 1st period - Shot Misses the Net.
4:51 of 1st period - Snap shot by Joshua Norris.
4:51 of 1st period - Shot Misses the Net.
4:53 of 1st period - Snap shot by Jonathan Drouin.
4:53 of 1st period - Stopped by Garin Bjorklund without a rebound.
4:54 of 1st period - Sam Bennett wins face-off versus Joshua Norris in Toronto Maple Leafs zone.
5:30 of 1st period - Slapshot by Sidney Crosby.
5:30 of 1st period - Stopped by Garin Bjorklund without a rebound.
5:31 of 1st period - Joshua Norris wins face-off versus Sam Bennett in Toronto Maple Leafs zone.
5:38 of 1st period - Snap shot by Jordan Kyrou.
5:38 of 1st period - Stopped by Garin Bjorklund with a rebound.
6:30 of 1st period - Penalty to Quinton Byfield is over, Quinton Byfield is back on ice.
6:36 of 1st period - Off-side.
6:37 of 1st period - Connor Dewar wins face-off versus Joshua Norris in neutral zone.
7:04 of 1st period - Ryan Pulock is hit by Dylan Guenther and loses puck.
7:25 of 1st period - Wrist shot by Sam Bennett.
7:25 of 1st period - Stopped by Samuel Montembeault without a rebound.
7:26 of 1st period - Sam Bennett wins face-off versus Sidney Crosby in Hartford Whalers zone.
7:27 of 1st period - Wrist shot by Troy Terry.
7:27 of 1st period - Shot Blocked by Sidney Crosby.
7:29 of 1st period - Wrist shot by Nicolas Roy.
7:29 of 1st period - Shot Misses the Net.
7:31 of 1st period - Wrist shot by Sam Bennett.
7:31 of 1st period - Goal by Sam Bennett - Hartford Whalers : 0 - Toronto Maple Leafs : 1.
7:32 of 1st period - Sam Bennett wins face-off versus Nick Suzuki in neutral zone.
8:09 of 1st period - Off-side.
8:10 of 1st period - Sidney Crosby wins face-off versus Wyatt Johnston in neutral zone.
8:15 of 1st period - Wrist shot by Jordan Kyrou.
8:15 of 1st period - Goal by Jordan Kyrou - Hartford Whalers : 1 - Toronto Maple Leafs : 1.
8:16 of 1st period - Sidney Crosby wins face-off versus Wyatt Johnston in neutral zone.
8:32 of 1st period - Off-side.
8:33 of 1st period - Nick Suzuki wins face-off versus Scott Laughton in neutral zone.
8:36 of 1st period - Wrist shot by Dylan Guenther.
8:36 of 1st period - Shot Misses the Net.
8:59 of 1st period - Vladislav Gavrikov is hit by Aaron Ekblad and loses puck.
9:04 of 1st period - Backhand shot by Wyatt Johnston.
9:04 of 1st period - Shot Misses the Net.
9:06 of 1st period - Slapshot by Cody Ceci.
9:06 of 1st period - Deflect By Quinton Byfield.
9:06 of 1st period - Stopped by Samuel Montembeault without a rebound.
9:07 of 1st period - Sam Bennett wins face-off versus Joshua Norris in Hartford Whalers zone.
9:08 of 1st period - Snap shot by Troy Terry.
9:08 of 1st period - Stopped by Samuel Montembeault with a rebound.
9:10 of 1st period - Slapshot by Cody Ceci.
9:10 of 1st period - Shot Misses the Net.
9:12 of 1st period - Wrist shot by Sam Bennett.
9:12 of 1st period - Shot Hit the Post.
9:14 of 1st period - Slapshot by Sam Bennett.
9:14 of 1st period - Shot Blocked by Braden Schneider.
9:16 of 1st period - Wrist shot by Bowen Byram.
9:16 of 1st period - Shot Misses the Net.
9:18 of 1st period - Slapshot by Troy Terry.
9:18 of 1st period - Stopped by Samuel Montembeault with a rebound.
9:20 of 1st period - Wrist shot by Sam Bennett.
9:20 of 1st period - Stopped by Samuel Montembeault with a rebound.
9:22 of 1st period - Snap shot by Nicolas Roy.
9:22 of 1st period - Stopped by Samuel Montembeault with a rebound.
9:32 of 1st period - Bowen Byram is hit by Sidney Crosby and loses puck.
9:57 of 1st period - Snap shot by Dylan Guenther.
9:57 of 1st period - Shot Blocked by Quinton Byfield.
10:46 of 1st period - Snap shot by Troy Terry.
10:46 of 1st period - Stopped by Samuel Montembeault with a rebound.
10:48 of 1st period - Slapshot by Sam Bennett.
10:48 of 1st period - Goal by Sam Bennett - Hartford Whalers : 1 - Toronto Maple Leafs : 2.
10:49 of 1st period - Nick Suzuki wins face-off versus Scott Laughton in neutral zone.
11:02 of 1st period - Off-side.
11:03 of 1st period - Wyatt Johnston wins face-off versus Joshua Norris in neutral zone.
11:18 of 1st period - Snap shot by Wyatt Johnston.
11:18 of 1st period - Shot Misses the Net.
11:23 of 1st period - Minor Penalty to Joshua Norris for Hooking.
11:24 of 1st period - Wyatt Johnston wins face-off versus Nick Suzuki in Hartford Whalers zone.
11:28 of 1st period - Wrist shot by Quinton Byfield.
11:28 of 1st period - Shot Blocked by Seth Jones.
11:30 of 1st period - Slapshot by Aaron Ekblad.
11:30 of 1st period - Deflect By Quinton Byfield.
11:30 of 1st period - Stopped by Samuel Montembeault with a rebound.
11:32 of 1st period - Snap shot by Quinton Byfield.
11:32 of 1st period - Shot Blocked by Seth Jones.
13:23 of 1st period - Penalty to Joshua Norris is over, Joshua Norris is back on ice.
14:32 of 1st period - Icing by Dylan Guenther.
14:33 of 1st period - Sam Bennett wins face-off versus Nick Suzuki in Hartford Whalers zone.
14:34 of 1st period - Backhand shot by Troy Terry.
14:34 of 1st period - Shot Misses the Net.
14:36 of 1st period - Slapshot by Sam Malinski.
14:36 of 1st period - Shot Blocked by Anthony Cirelli.
14:38 of 1st period - Snap shot by Cody Ceci.
14:38 of 1st period - Deflect By Nick Suzuki.
14:38 of 1st period - Stopped by Samuel Montembeault without a rebound.
14:39 of 1st period - Sidney Crosby wins face-off versus Brandon Saad in Hartford Whalers zone.
14:39 of 1st period - Sidney Crosby is hit by Mario Ferraro.
14:51 of 1st period - Snap shot by Sidney Crosby.
14:51 of 1st period - Stopped by Garin Bjorklund with a rebound.
14:53 of 1st period - Wrist shot by Pierre-Luc Dubois.
14:53 of 1st period - Shot Misses the Net.
14:55 of 1st period - Wrist shot by Sidney Crosby.
14:55 of 1st period - Stopped by Garin Bjorklund with a rebound.
15:01 of 1st period - Minor Penalty to Scott Laughton for Cross-checking.
15:02 of 1st period - Sidney Crosby wins face-off versus Wyatt Johnston in Toronto Maple Leafs zone.
15:07 of 1st period - Snap shot by Nick Suzuki.
15:07 of 1st period - Shot Misses the Net.
15:13 of 1st period - Wrist shot by Dylan Guenther.
15:13 of 1st period - Deflect By Nick Suzuki.
15:13 of 1st period - Shot Blocked by Quinton Byfield.
15:13 of 1st period - Puck is out of play.
15:14 of 1st period - Sam Bennett wins face-off versus Joshua Norris in Toronto Maple Leafs zone.
17:01 of 1st period - Penalty to Scott Laughton is over, Scott Laughton is back on ice.
17:07 of 1st period - Sam Malinski is hit by Seth Jones.
18:32 of 1st period - Nick Suzuki is hit by Sam Malinski and loses puck.
19:08 of 1st period - Minor Penalty to Aaron Ekblad for Cross-checking.
19:09 of 1st period - Sam Bennett wins face-off versus Sidney Crosby in Toronto Maple Leafs zone.
19:52 of 1st period - Pierre-Luc Dubois is hit by Sam Bennett and loses puck.
Goals for this period are 1 for Hartford Whalers vs 2 for Toronto Maple Leafs.
Shots for this period are 9 for Hartford Whalers vs 14 for Toronto Maple Leafs.
2nd period
0:01 of 2nd period - Pierre-Luc Dubois wins face-off versus Sam Bennett in neutral zone.
0:10 of 2nd period - Wrist shot by Pierre-Luc Dubois.
0:10 of 2nd period - Stopped by Garin Bjorklund with a rebound.
0:12 of 2nd period - Snap shot by Jordan Kyrou.
0:12 of 2nd period - Stopped by Garin Bjorklund without a rebound.
0:13 of 2nd period - Sidney Crosby wins face-off versus Wyatt Johnston in Toronto Maple Leafs zone.
1:08 of 2nd period - Penalty to Aaron Ekblad is over, Aaron Ekblad is back on ice.
1:34 of 2nd period - Wrist shot by Jordan Kyrou.
1:34 of 2nd period - Shot Misses the Net.
1:36 of 2nd period - Slapshot by Simon Edvinsson.
1:36 of 2nd period - Shot Blocked by Sam Malinski.
1:56 of 2nd period - Snap shot by Scott Laughton.
1:56 of 2nd period - Stopped by Samuel Montembeault without a rebound.
1:57 of 2nd period - Sam Bennett wins face-off versus Sidney Crosby in Hartford Whalers zone.
2:01 of 2nd period - Minor Penalty to Devon Toews for Interference.
2:02 of 2nd period - Nick Suzuki wins face-off versus Sam Bennett in Hartford Whalers zone.
2:14 of 2nd period - Slapshot by Sam Bennett.
2:14 of 2nd period - Stopped by Samuel Montembeault with a rebound.
2:16 of 2nd period - Slapshot by Mario Ferraro.
2:16 of 2nd period - Goal by Mario Ferraro - Hartford Whalers : 1 - Toronto Maple Leafs : 3.
2:17 of 2nd period - Sidney Crosby wins face-off versus Sam Bennett in neutral zone.
3:09 of 2nd period - Snap shot by Brandon Saad.
3:09 of 2nd period - Shot Misses the Net.
3:11 of 2nd period - Slapshot by Mackie Samoskevich.
3:11 of 2nd period - Stopped by Samuel Montembeault with a rebound.
3:27 of 2nd period - Snap shot by Anders Lee.
3:27 of 2nd period - Deflect By Ryan Pulock.
3:27 of 2nd period - Stopped by Garin Bjorklund without a rebound.
3:28 of 2nd period - Matthew Coronato wins face-off versus Connor Dewar in Toronto Maple Leafs zone.
4:21 of 2nd period - Backhand shot by Nick Suzuki.
4:21 of 2nd period - Shot Blocked by Warren Foegele.
4:23 of 2nd period - Wrist shot by Nick Suzuki.
4:23 of 2nd period - Stopped by Garin Bjorklund with a rebound.
4:41 of 2nd period - Snap shot by Mackie Samoskevich.
4:41 of 2nd period - Deflect By Scott Laughton.
4:41 of 2nd period - Stopped by Samuel Montembeault with a rebound.
4:43 of 2nd period - Slapshot by Scott Laughton.
4:43 of 2nd period - Deflect By Brandon Saad.
4:43 of 2nd period - Shot Misses the Net.
4:43 of 2nd period - Puck is out of play.
4:44 of 2nd period - Joshua Norris wins face-off versus Sam Bennett in Hartford Whalers zone.
4:49 of 2nd period - Tyson Foerster is hit by Cody Ceci.
4:55 of 2nd period - Sam Bennett is hit by Joshua Norris.
5:22 of 2nd period - Off-side.
5:23 of 2nd period - Nick Suzuki wins face-off versus Scott Laughton in neutral zone.
5:55 of 2nd period - Snap shot by Jordan Kyrou.
5:55 of 2nd period - Goal by Jordan Kyrou - Hartford Whalers : 2 - Toronto Maple Leafs : 3.
5:56 of 2nd period - Sam Bennett wins face-off versus Sidney Crosby in neutral zone.
6:34 of 2nd period - Snap shot by Troy Terry.
6:34 of 2nd period - Shot Misses the Net.
6:36 of 2nd period - Snap shot by Nicolas Roy.
6:36 of 2nd period - Shot Misses the Net.
6:38 of 2nd period - Wrist shot by Troy Terry.
6:38 of 2nd period - Stopped by Samuel Montembeault without a rebound.
6:39 of 2nd period - Wyatt Johnston wins face-off versus Nick Suzuki in Hartford Whalers zone.
6:40 of 2nd period - Snap shot by Quinton Byfield.
6:40 of 2nd period - Shot Misses the Net.
6:48 of 2nd period - Slapshot by Quinton Byfield.
6:48 of 2nd period - Shot Misses the Net.
6:50 of 2nd period - Wrist shot by Wyatt Johnston.
6:50 of 2nd period - Stopped by Samuel Montembeault with a rebound.
6:52 of 2nd period - Slapshot by Bowen Byram.
6:52 of 2nd period - Stopped by Samuel Montembeault with a rebound.
6:54 of 2nd period - Slapshot by Bowen Byram.
6:54 of 2nd period - Shot Misses the Net.
6:56 of 2nd period - Snap shot by Quinton Byfield.
6:56 of 2nd period - Shot Misses the Net.
7:34 of 2nd period - Snap shot by Matthew Coronato.
7:34 of 2nd period - Shot Blocked by Mario Ferraro.
7:36 of 2nd period - Wrist shot by Matthew Coronato.
7:36 of 2nd period - Deflect By Kaapo Kakko.
7:36 of 2nd period - Shot Blocked by Sam Malinski.
7:36 of 2nd period - Puck is out of play.
7:37 of 2nd period - Sam Bennett wins face-off versus Matthew Coronato in Toronto Maple Leafs zone.
9:30 of 2nd period - Jordan Kyrou is hit by Mackie Samoskevich and loses puck.
10:53 of 2nd period - Snap shot by Dylan Guenther.
10:53 of 2nd period - Deflect By Mackie Samoskevich.
10:53 of 2nd period - Shot Blocked by Aaron Ekblad.
10:53 of 2nd period - Puck is out of play.
10:54 of 2nd period - Wyatt Johnston wins face-off versus Sidney Crosby in Toronto Maple Leafs zone.
11:08 of 2nd period - Backhand shot by Quinton Byfield.
11:08 of 2nd period - Shot Misses the Net.
11:10 of 2nd period - Slapshot by Quinton Byfield.
11:10 of 2nd period - Shot Misses the Net.
11:33 of 2nd period - Minor Penalty to Bowen Byram for Interference.
11:34 of 2nd period - Sam Bennett wins face-off versus Sidney Crosby in Toronto Maple Leafs zone.
12:00 of 2nd period - Ryan Pulock is hit by Pierre-Luc Dubois and loses puck.
12:51 of 2nd period - Wyatt Johnston is hit by Jordan Kyrou and loses puck.
13:13 of 2nd period - Wrist shot by Joshua Norris.
13:13 of 2nd period - Shot Misses the Net.
13:15 of 2nd period - Slapshot by Devon Toews.
13:15 of 2nd period - Shot Blocked by Warren Foegele.
13:17 of 2nd period - Wrist shot by Matthew Coronato.
13:17 of 2nd period - Goal by Matthew Coronato - Hartford Whalers : 3 - Toronto Maple Leafs : 3.
13:18 of 2nd period - Nick Suzuki wins face-off versus Scott Laughton in neutral zone.
14:00 of 2nd period - Mario Ferraro is hit by Anders Lee and loses puck.
14:15 of 2nd period - Snap shot by Quinton Byfield.
14:15 of 2nd period - Shot Blocked by Jonathan Drouin.
14:33 of 2nd period - Snap shot by Connor Dewar.
14:33 of 2nd period - Shot Misses the Net.
14:35 of 2nd period - Wrist shot by Nick Bjugstad.
14:35 of 2nd period - Stopped by Samuel Montembeault with a rebound.
14:37 of 2nd period - Slapshot by Andrew Mangiapane.
14:37 of 2nd period - Shot Misses the Net.
14:39 of 2nd period - Slapshot by Sam Malinski.
14:39 of 2nd period - Deflect By Sidney Crosby.
14:39 of 2nd period - Stopped by Samuel Montembeault with a rebound.
14:49 of 2nd period - Snap shot by Mackie Samoskevich.
14:49 of 2nd period - Shot Misses the Net.
15:11 of 2nd period - Wrist shot by Matthew Coronato.
15:11 of 2nd period - Deflect By Aaron Ekblad.
15:11 of 2nd period - Shot Misses the Net.
15:11 of 2nd period - Puck is out of play.
15:12 of 2nd period - Sam Bennett wins face-off versus Matthew Coronato in Toronto Maple Leafs zone.
15:22 of 2nd period - Slapshot by Anders Lee.
15:22 of 2nd period - Stopped by Garin Bjorklund with a rebound.
15:50 of 2nd period - Backhand shot by Kaapo Kakko.
15:50 of 2nd period - Stopped by Garin Bjorklund with a rebound.
16:18 of 2nd period - Bowen Byram is hit by Kaapo Kakko and loses puck.
16:30 of 2nd period - Snap shot by Matthew Coronato.
16:30 of 2nd period - Stopped by Garin Bjorklund with a rebound.
16:58 of 2nd period - Wrist shot by Anders Lee.
16:58 of 2nd period - Shot Blocked by Mario Ferraro.
17:28 of 2nd period - Snap shot by Wyatt Johnston.
17:28 of 2nd period - Stopped by Samuel Montembeault with a rebound.
17:30 of 2nd period - Wrist shot by Wyatt Johnston.
17:30 of 2nd period - Stopped by Samuel Montembeault without a rebound.
17:31 of 2nd period - Sam Bennett wins face-off versus Nick Suzuki in Hartford Whalers zone.
18:17 of 2nd period - Snap shot by Mackie Samoskevich.
18:17 of 2nd period - Shot Misses the Net.
18:19 of 2nd period - Snap shot by Bowen Byram.
18:19 of 2nd period - Stopped by Samuel Montembeault with a rebound.
18:21 of 2nd period - Slapshot by Bowen Byram.
18:21 of 2nd period - Stopped by Samuel Montembeault with a rebound.
18:23 of 2nd period - Slapshot by Bowen Byram.
18:23 of 2nd period - Stopped by Samuel Montembeault without a rebound.
18:24 of 2nd period - Nick Suzuki wins face-off versus Troy Terry in Hartford Whalers zone.
18:33 of 2nd period - Snap shot by Dylan Guenther.
18:33 of 2nd period - Stopped by Garin Bjorklund without a rebound.
18:34 of 2nd period - Sam Bennett wins face-off versus Nick Suzuki in Toronto Maple Leafs zone.
18:34 of 2nd period - Sam Bennett is hit by Nick Suzuki.
18:50 of 2nd period - Wrist shot by Dylan Guenther.
18:50 of 2nd period - Deflect By Nick Suzuki.
18:50 of 2nd period - Shot Misses the Net.
18:50 of 2nd period - Puck is out of play.
18:51 of 2nd period - Sidney Crosby wins face-off versus Scott Laughton in Toronto Maple Leafs zone.
Goals for this period are 2 for Hartford Whalers vs 1 for Toronto Maple Leafs.
Shots for this period are 10 for Hartford Whalers vs 15 for Toronto Maple Leafs.
3rd period
0:01 of 3rd period - Sidney Crosby wins face-off versus Sam Bennett in neutral zone.
0:01 of 3rd period - Sidney Crosby is hit by Sam Bennett.
0:31 of 3rd period - Snap shot by Joshua Norris.
0:31 of 3rd period - Stopped by Garin Bjorklund without a rebound.
0:32 of 3rd period - Nick Suzuki wins face-off versus Wyatt Johnston in Toronto Maple Leafs zone.
0:35 of 3rd period - Wrist shot by Dylan Guenther.
0:35 of 3rd period - Stopped by Garin Bjorklund with a rebound.
0:45 of 3rd period - Snap shot by Warren Foegele.
0:45 of 3rd period - Stopped by Samuel Montembeault with a rebound.
0:47 of 3rd period - Slapshot by Bowen Byram.
0:47 of 3rd period - Stopped by Samuel Montembeault without a rebound.
0:48 of 3rd period - Sidney Crosby wins face-off versus Nicolas Roy in Hartford Whalers zone.
1:40 of 3rd period - Snap shot by Mackie Samoskevich.
1:40 of 3rd period - Stopped by Samuel Montembeault with a rebound.
1:42 of 3rd period - Snap shot by Mackie Samoskevich.
1:42 of 3rd period - Shot Misses the Net.
1:44 of 3rd period - Wrist shot by Scott Laughton.
1:44 of 3rd period - Shot Misses the Net.
1:46 of 3rd period - Snap shot by Scott Laughton.
1:46 of 3rd period - Stopped by Samuel Montembeault with a rebound.
1:56 of 3rd period - Nick Bjugstad is hit by Pierre-Luc Dubois and loses puck.
2:53 of 3rd period - Slapshot by Kaapo Kakko.
2:53 of 3rd period - Shot Misses the Net.
4:02 of 3rd period - Snap shot by Mackie Samoskevich.
4:02 of 3rd period - Shot Blocked by Vladislav Gavrikov.
4:04 of 3rd period - Snap shot by Brandon Saad.
4:04 of 3rd period - Shot Misses the Net.
4:06 of 3rd period - Snap shot by Scott Laughton.
4:06 of 3rd period - Toronto Maple Leafs goal is going for a video replay.
4:06 of 3rd period - The goal is good.
4:06 of 3rd period - Goal by Scott Laughton - Hartford Whalers : 3 - Toronto Maple Leafs : 4.
4:07 of 3rd period - Joshua Norris wins face-off versus Sam Bennett in neutral zone.
4:33 of 3rd period - Wrist shot by Andrew Mangiapane.
4:33 of 3rd period - Shot Misses the Net.
4:35 of 3rd period - Wrist shot by Bowen Byram.
4:35 of 3rd period - Deflect By Andrew Mangiapane.
4:35 of 3rd period - Shot Hit the Post.
4:35 of 3rd period - Puck is out of play.
4:36 of 3rd period - Nick Suzuki wins face-off versus Connor Dewar in Hartford Whalers zone.
4:41 of 3rd period - Devon Toews is hit by Connor Dewar and loses puck.
5:33 of 3rd period - Snap shot by Troy Terry.
5:33 of 3rd period - Goal by Troy Terry - Hartford Whalers : 3 - Toronto Maple Leafs : 5.
5:34 of 3rd period - Nick Suzuki wins face-off versus Sam Bennett in neutral zone.
5:37 of 3rd period - Snap shot by Anthony Cirelli.
5:37 of 3rd period - Deflect By Troy Terry.
5:37 of 3rd period - Shot Misses the Net.
5:37 of 3rd period - Puck is out of play.
5:38 of 3rd period - Nick Suzuki wins face-off versus Sam Bennett in Toronto Maple Leafs zone.
6:05 of 3rd period - Wyatt Johnston is hit by Pierre-Luc Dubois and loses puck.
6:30 of 3rd period - Nick Bjugstad is hit by Seth Jones and loses puck.
8:08 of 3rd period - Wrist shot by Quinton Byfield.
8:08 of 3rd period - Deflect By Wyatt Johnston.
8:08 of 3rd period - Shot Blocked by Seth Jones.
8:08 of 3rd period - Puck is out of play.
8:09 of 3rd period - Nick Suzuki wins face-off versus Sam Bennett in Hartford Whalers zone.
8:09 of 3rd period - Nick Suzuki is hit by Bowen Byram.
8:19 of 3rd period - Slapshot by Dylan Guenther.
8:19 of 3rd period - Shot Blocked by Bowen Byram.
8:23 of 3rd period - Snap shot by Nick Suzuki.
8:23 of 3rd period - Shot Misses the Net.
8:25 of 3rd period - Slapshot by Kaiden Guhle.
8:25 of 3rd period - Shot Blocked by Cody Ceci.
8:35 of 3rd period - Nicolas Roy is hit by Simon Edvinsson and loses puck.
8:46 of 3rd period - Tyson Foerster is hit by Aaron Ekblad and loses puck.
8:59 of 3rd period - Wrist shot by Troy Terry.
8:59 of 3rd period - Shot Misses the Net.
9:19 of 3rd period - Snap shot by Troy Terry.
9:19 of 3rd period - Stopped by Samuel Montembeault with a rebound.
9:21 of 3rd period - Slapshot by Ryan Pulock.
9:21 of 3rd period - Stopped by Samuel Montembeault without a rebound.
9:22 of 3rd period - Sidney Crosby wins face-off versus Warren Foegele in Hartford Whalers zone.
9:49 of 3rd period - Mackie Samoskevich is hit by Vladislav Gavrikov and loses puck.
10:51 of 3rd period - Snap shot by Joshua Norris.
10:51 of 3rd period - Shot Misses the Net.
10:53 of 3rd period - Slapshot by Braden Schneider.
10:53 of 3rd period - Shot Misses the Net.
12:32 of 3rd period - Wrist shot by Quinton Byfield.
12:32 of 3rd period - Stopped by Samuel Montembeault with a rebound.
13:35 of 3rd period - Snap shot by Warren Foegele.
13:35 of 3rd period - Stopped by Samuel Montembeault without a rebound.
13:36 of 3rd period - Sam Bennett wins face-off versus Sidney Crosby in Hartford Whalers zone.
14:07 of 3rd period - Slapshot by Mackie Samoskevich.
14:07 of 3rd period - Stopped by Samuel Montembeault without a rebound.
14:08 of 3rd period - Scott Laughton wins face-off versus Nick Suzuki in Hartford Whalers zone.
14:17 of 3rd period - Mackie Samoskevich is hit by Anthony Cirelli and loses puck.
14:23 of 3rd period - Off-side.
14:24 of 3rd period - Sam Bennett wins face-off versus Sidney Crosby in neutral zone.
14:33 of 3rd period - Wrist shot by Sam Bennett.
14:33 of 3rd period - Stopped by Samuel Montembeault with a rebound.
14:35 of 3rd period - Slapshot by Sam Bennett.
14:35 of 3rd period - Shot Blocked by Seth Jones.
14:37 of 3rd period - Snap shot by Sam Bennett.
14:37 of 3rd period - Stopped by Samuel Montembeault with a rebound.
14:39 of 3rd period - Snap shot by Sam Bennett.
14:39 of 3rd period - Shot Misses the Net.
14:51 of 3rd period - Warren Foegele is hit by Jonathan Drouin and loses puck.
15:12 of 3rd period - Snap shot by Dylan Guenther.
15:12 of 3rd period - Shot Misses the Net.
15:14 of 3rd period - Slapshot by Dylan Guenther.
15:14 of 3rd period - Stopped by Garin Bjorklund with a rebound.
15:16 of 3rd period - Slapshot by Braden Schneider.
15:16 of 3rd period - Stopped by Garin Bjorklund with a rebound.
15:18 of 3rd period - Slapshot by Vladislav Gavrikov.
15:18 of 3rd period - Deflect By Nick Suzuki.
15:18 of 3rd period - Shot Blocked by Andrew Mangiapane.
15:18 of 3rd period - Puck is out of play.
15:19 of 3rd period - Scott Laughton wins face-off versus Joshua Norris in Toronto Maple Leafs zone.
15:19 of 3rd period - Scott Laughton is hit by Joshua Norris.
15:53 of 3rd period - Wrist shot by Nick Suzuki.
15:53 of 3rd period - Stopped by Garin Bjorklund with a rebound.
15:55 of 3rd period - Wrist shot by Nick Suzuki.
15:55 of 3rd period - Shot Misses the Net.
15:57 of 3rd period - Slapshot by Vladislav Gavrikov.
15:57 of 3rd period - Stopped by Garin Bjorklund without a rebound.
15:58 of 3rd period - Wyatt Johnston wins face-off versus Sidney Crosby in Toronto Maple Leafs zone.
16:09 of 3rd period - Snap shot by Pierre-Luc Dubois.
16:09 of 3rd period - Shot Misses the Net.
16:15 of 3rd period - Wrist shot by Sidney Crosby.
16:15 of 3rd period - Stopped by Garin Bjorklund with a rebound.
16:31 of 3rd period - Snap shot by Joshua Norris.
16:31 of 3rd period - Goal by Joshua Norris - Hartford Whalers : 4 - Toronto Maple Leafs : 5.
16:32 of 3rd period - Joshua Norris wins face-off versus Scott Laughton in neutral zone.
17:31 of 3rd period - Off-side.
17:32 of 3rd period - Joshua Norris wins face-off versus Scott Laughton in neutral zone.
17:57 of 3rd period - Anthony Cirelli is hit by Andrew Mangiapane and loses puck.
18:06 of 3rd period - Nick Bjugstad is hit by Devon Toews and loses puck.
18:40 of 3rd period - Anthony Cirelli is hit by Sam Bennett and loses puck.
19:24 of 3rd period - Wrist shot by Wyatt Johnston.
19:24 of 3rd period - Goal by Wyatt Johnston - Hartford Whalers : 4 - Toronto Maple Leafs : 6.
19:25 of 3rd period - Wyatt Johnston wins face-off versus Joshua Norris in neutral zone.
19:48 of 3rd period - Snap shot by Jonathan Drouin.
19:48 of 3rd period - Shot Blocked by Sam Malinski.
19:50 of 3rd period - Snap shot by Anders Lee.
19:50 of 3rd period - Goal by Anders Lee - Hartford Whalers : 5 - Toronto Maple Leafs : 6.
19:51 of 3rd period - Wyatt Johnston wins face-off versus Sidney Crosby in neutral zone.
Goals for this period are 2 for Hartford Whalers vs 3 for Toronto Maple Leafs.
Shots for this period are 9 for Hartford Whalers vs 14 for Toronto Maple Leafs.
Back to the Top